Map: Odyssée EC

Players

zidar - Winner!

  • Race: Zerg Zerg
  • Spawn Location: 5:00

VOD

Have the link to the VOD?

Description

Time

  • Played on: July 23, 2017, 11:51 a.m.
  • Length: 4:20
Show
View Real Time Build Order
Export as new Build Order

zidar Zerg - Winner!

Build Orders: Hatch First 

Get SALT Encoding   

  12  0:10  Drone  
  12  0:11  Drone  
  12  0:16  Overlord  
  12  0:31  Extractor  
  12  0:33  Extractor, Drone x2  
  12  0:43  Drone  
  12  0:56  Hatchery  
  12  1:06  Drone  
  12  1:07  Drone  
  12  1:10  Extractor  
  12  1:23  Spawning Pool, Drone  
  12  1:35  Drone  
  12  1:37  Drone  
  12  1:50  Overlord  
  12  2:10  Queen  
  12  2:13  Zergling x4  
  12  2:16  Queen  
  12  2:19  Zergling x2  
  12  2:31  Metabolic Boost  
  12  2:46  Drone  
  12  2:47  Drone x4  
  12  2:49  Overlord  
  12  3:27  Extractor  
  12  3:29  Drone x4  
  12  3:30  Drone  
  12  3:31  Overlord  
  12  3:32  Drone  
  12  3:34  Overlord  
  12  3:36  Drone x4  
  12  4:07  Hatchery  
Tags
 
Add a new tag
Caveats
  • Supply blocks, unpowered buildings, or Contaminate may cause inaccurate times.
  • Supply counts are checked every 10 seconds.